[Event "Titled Tuesday Blitz January 11 2022"]
[White "Yaksin, Oleg"]
[Black "Hess, Robert"]
[WhiteFideId "24105880"]
[BlackFideId "2022036"]
[WhiteElo "2256"]
[BlackElo "2557"]
[Result "1-0"]
[Round "04"]
[TimeControl "180+1"]
[Date "2022.01.11"]
[WhiteClock "0:00:06"]
[BlackClock "0:00:03"]

1. d4 g6 2. Nf3 Bg7 3. g3 b6 4. Bg2 Bb7 5. O-O d6 6. Re1 Nd7 7. e4 e6 8. c3 Ne7 9. h4 h6 10. Qc2 e5 11. Nbd2 Nc6 12. Nc4 O-O 13. d5 Ne7 14. h5 gxh5 15. Ne3 Nf6 16. Nh4 Bc8 17. Qe2 Bg4 18. Bf3 Bd7 19. Kg2 c6 20. dxc6 Bxc6 21. Nef5 Kh7 22. Qe3 Nfg8 23. Rd1 d5 24. exd5 Bxd5 25. Bxd5 Nxd5 26. Qf3 Ngf6 27. Nxg7 Kxg7 28. c4 e4 29. Qf5 Ne7 30. Rxd8 Nxf5 31. Nxf5+ Kg6 32. Rxa8 Rxa8 33. Ne7+ Kg7 34. Bf4 Re8 35. Nd5 Nd7 36. Re1 Nc5 37. Nc3 f5 38. Re2 Nd3 39. b3 Kg6 40. Nd5 h4 41. gxh4 Rd8 42. Bg3 Kf7 43. Nf4 Nc1 44. Rc2 Rd1 45. f3 e3 46. Ne2 Rd2 47. Rxc1 Rxe2+ 48. Kh3 Rxa2 49. Re1 e2 50. Bf4 Kg6 51. Kg3 Kh5 52. Kf2 Rb2 53. Rxe2 Rxb3 54. Re6 1-0


[Site "https://www.chess.com"]

[Event "Titled Tuesday Blitz January 11 2022"]
[White "Zelbel, Patrick"]
[Black "Tregubov, Pavel V."]
[WhiteFideId "24624322"]
[BlackFideId "4115341"]
[WhiteElo "2493"]
[BlackElo "2341"]
[Result "1-0"]
[Round "04"]
[TimeControl "180+1"]
[Date "2022.01.11"]
[WhiteClock "0:00:16"]
[BlackClock "0:00:16"]

1. e4 c5 2. b4 cxb4 3. a3 d5 4. exd5 Qxd5 5. Nf3 Bg4 6. Be2 e5 7. c4 bxc3 8. Nxc3 Qa5 9. O-O Nc6 10. Qb3 Rb8 11. Re1 Nf6 12. Ng5 Qc7 13. Bxg4 Nxg4 14. Nb5 Qd7 15. d4 h6 16. Nf3 a6 17. d5 axb5 18. dxc6 bxc6 19. h3 Qd5 20. Qc2 Bd6 21. hxg4 O-O 22. Rd1 Qe6 23. Qf5 Qxf5 24. gxf5 Rfd8 25. Bb2 f6 26. Rd2 Be7 27. Rad1 Rxd2 28. Rxd2 c5 29. Rd7 Kf8 30. Kf1 c4 31. Rc7 Ke8 32. Ke2 Ra8 33. Rb7 Bxa3 34. Bxa3 Rxa3 35. Rxb5 Ra2+ 36. Ke3 Ra3+ 37. Ke4 Ra2 38. Ke3 Ra3+ 39. Ke2 Ra2+ 40. Kf1 Ra1+ 41. Ne1 Rc1 42. Ke2 Kf7 43. Kd2 Ra1 44. Rb7+ Kg8 45. Rc7 Ra2+ 46. Nc2 Ra5 47. Rxc4 Rd5+ 48. Ke2 Kh7 49. Ne3 Ra5 50. Rc7 h5 51. Kf3 Kh6 52. g3 Ra4 53. Rd7 Ra3 54. Rd2 Ra4 55. Rc2 Rb4 56. Ra2 Rb3 57. Ke4 Rb4+ 58. Kd5 Rd4+ 59. Ke6 Rb4 60. Re2 Kh7 61. Nd5 Rb8 62. Rc2 Ra8 63. Rc7 Ra2 64. Nxf6+ Kh6 65. Ne4 Re2 66. Kxe5 Ra2 67. Rc6+ 1-0


[Site "https://www.chess.com"]

[Event "Titled Tuesday Blitz January 11 2022"]
[White "Andreikin, Dmitry"]
[Black "Aradhya, Garg"]
[WhiteFideId "4158814"]
[BlackFideId "25006746"]
[WhiteElo "2736"]
[BlackElo "2169"]
[Result "1-0"]
[Round "05"]
[TimeControl "180+1"]
[Date "2022.01.11"]
[WhiteClock "0:00:09"]
[BlackClock "0:00:05"]

1. e4 e5 2. Nf3 Nc6 3. Bb5 a6 4. Ba4 Bc5 5. c3 Nge7 6. d4 exd4 7. cxd4 Bb4+ 8. Nc3 d5 9. O-O O-O 10. Bxc6 bxc6 11. exd5 cxd5 12. h3 Bd6 13. Ne5 f6 14. Nd3 Bf5 15. Re1 Re8 16. Bf4 Rb8 17. b3 c6 18. Rc1 Bxd3 19. Bxd6 Qxd6 20. Qxd3 a5 21. Qa6 Qb4 22. Qd3 Ng6 23. g3 Re7 24. Rxe7 Nxe7 25. Qe3 Kf7 26. Ne2 Qd6 27. Nf4 Ng6 28. Nd3 Re8 29. Qd2 h5 30. Qxa5 h4 31. Qc5 Qb8 32. Qxc6 hxg3 33. Qc7+ Kg8 34. Qxb8 gxf2+ 35. Kxf2 Rxb8 36. Nc5 Ne7 37. a4 Nf5 38. a5 Nxd4 39. a6 Nb5 40. Ra1 Ra8 41. Ra5 Nc7 42. b4 Rb8 43. Nd3 Rb5 44. Rxb5 Nxb5 45. Nf4 Nc7 46. a7 d4 47. Ne6 Na8 48. Nxd4 Kf7 49. Kf3 Ke8 50. Ne6 g6 51. Nf4 Kf7 52. b5 g5 53. Nd5 Ke6 54. b6 Kxd5 55. b7 Kc6 56. bxa8=Q+ Kc7 57. Qb8+ Kd7 58. a8=Q Ke6 59. Qc6+ Kf7 60. Qbe8+ Kg7 61. Qcd7+ Kh6 62. Qf5 Kg7 63. Qfg6# 1-0


[Site "https://www.chess.com"]

[Event "Titled Tuesday Blitz January 11 2022"]
[White "Artemenko, Oleg"]
[Black "Djordjevic, Vuk"]
[WhiteFideId "14201798"]
[BlackFideId "902098"]
[WhiteElo "2287"]
[BlackElo "2463"]
[Result "1-0"]
[Round "05"]
[TimeControl "180+1"]
[Date "2022.01.11"]
[WhiteClock "0:00:11"]
[BlackClock "0:00:05"]

1. d4 Nf6 2. Nc3 d5 3. Bf4 e6 4. Nb5 Na6 5. e3 Be7 6. Nf3 O-O 7. Be2 Ne4 8. a4 c6 9. Na3 Nc7 10. O-O Bd6 11. Bd3 Bxf4 12. exf4 Qd6 13. Qc1 b6 14. Qe3 Ba6 15. Rfc1 Nf6 16. Ne5 Rfc8 17. Bxa6 Nxa6 18. c3 Ne4 19. f3 Nf6 20. b4 c5 21. dxc5 bxc5 22. b5 Nb8 23. c4 Nbd7 24. Rd1 d4 25. Qe1 Qc7 26. Nc2 a5 27. Qe2 Nb6 28. Ne1 Ne8 29. Rdc1 f6 30. Ng4 Qf7 31. Nf2 Nd6 32. Ne4 Qe7 33. Nxd6 Qxd6 34. Nd3 Re8 35. Qe4 Ra7 36. Ra2 Rae7 37. Kf1 e5 38. f5 Rc7 39. h4 Qd7 40. h5 Qf7 41. Nb2 Qxh5 42. Kf2 Qg5 43. Nd3 g6 44. fxg6 hxg6 45. f4 Qf5 46. Qxf5 gxf5 47. fxe5 fxe5 48. Rac2 e4 49. Nf4 e3+ 50. Ke2 Nxa4 51. Ra1 Nc3+ 52. Kd3 a4 53. g4 fxg4 54. Rg1 Rg7 55. Nh5 Rg6 56. Nf4 Rg5 57. Nh3 Rg7 58. Nf4 e2 59. Rcc1 g3 60. Nh5 Re3+ 61. Kd2 Rg5 62. b6 Rg6 63. b7 Rb6 64. Nf6+ Kf7 65. Ng4 Rb2+ 66. Ke1 Rxb7 67. Nxe3 dxe3 68. Rxg3 Ra7 69. Rxc3 a3 70. Rc1 Kf6 71. Rxe3 Kf5 72. Kxe2 a2 73. Ra1 Kf4 74. Re8 Ra3 75. Kd2 Rh3 76. Rxa2 1-0


[Site "https://www.chess.com"]

[Event "Titled Tuesday Blitz January 11 2022"]
[White "Babazada, Khazar"]
[Black "Gareyev, Timur"]
[WhiteFideId "13413554"]
[BlackFideId "14200937"]
[WhiteElo "2418"]
[BlackElo "2586"]
[Result "0-1"]
[Round "05"]
[TimeControl "180+1"]
[Date "2022.01.11"]
[WhiteClock "0:00:10"]
[BlackClock "0:00:09"]

1. Nf3 d6 2. g3 Nf6 3. Bg2 g6 4. O-O Bg7 5. b3 e5 6. Bb2 e4 7. Ne1 O-O 8. d3 exd3 9. Nxd3 a5 10. c4 a4 11. Nd2 Nc6 12. b4 a3 13. Bc3 Re8 14. Re1 Bf5 15. Qb3 Ng4 16. Bxg7 Kxg7 17. h3 Nd4 18. Qd1 Bxd3 19. exd3 Rxe1+ 20. Qxe1 Nc2 21. Qf1 Nxa1 22. hxg4 Nc2 23. Qc1 Nd4 24. Kh2 Qf6 25. Ne4 Ne2 26. Qe3 Qb2 27. Ng5 Qe5 28. Ne4 Qb2 29. Ng5 Rf8 30. Bd5 Qe5 31. Ne4 Nc3 32. Nxc3 Qxc3 33. b5 b6 34. Kg2 Qb2 35. c5 dxc5 36. Bc4 Qf6 37. Qe4 Qd6 38. Qe3 h6 39. Qc1 c6 40. Qxa3 cxb5 41. Bxb5 Qd5+ 42. Kh2 Qd4 43. Kg2 f5 44. gxf5 Qd5+ 45. Kg1 Qxf5 46. Qb2+ Qf6 47. Qe2 Rf7 48. Bc4 Re7 49. Qg4 h5 50. Qd1 Qb2 51. Qf3 Qa1+ 52. Kg2 Qf6 53. Qa8 Kh6 54. Qd8 g5 55. Qd5 g4 56. Qd8 Rf7 57. Qxf6+ Rxf6 58. Kf1 Rd6 59. Ke2 Rd4 60. Ke3 Kg5 61. a4 h4 62. gxh4+ Kxh4 63. Bb5 Kg5 64. Bc4 Rf4 65. Bb5 Kf5 66. Bd7+ Ke5 67. Bb5 Rf3+ 68. Ke2 Kd4 69. Bc4 Rf4 70. Bb5 Rf5 71. Ke1 Re5+ 72. Kd2 Rf5 73. Ke2 Rf6 74. Kf1 g3 0-1


[Site "https://www.chess.com"]

[Event "Titled Tuesday Blitz January 11 2022"]
[White "Belyakov, Bogdan"]
[Black "Svane, Frederik"]
[WhiteFideId "24104795"]
[BlackFideId "12923044"]
[WhiteElo "2407"]
[BlackElo "2459"]
[Result "0-1"]
[Round "05"]
[TimeControl "180+1"]
[Date "2022.01.11"]
[WhiteClock "0:00:15"]
[BlackClock "0:00:08"]

1. e4 c5 2. c3 d5 3. exd5 Qxd5 4. d4 e6 5. Nf3 Nf6 6. Bd3 Be7 7. O-O O-O 8. Qe2 b6 9. dxc5 Qxc5 10. Nbd2 Bb7 11. Ne4 Nxe4 12. Bxe4 Bxe4 13. Qxe4 Qc6 14. Qe2 Nd7 15. Rd1 Rfd8 16. Be3 h6 17. h3 Qc7 18. Bd4 Bd6 19. Qe4 Bf8 20. Rd3 Nc5 21. Bxc5 Bxc5 22. Rad1 Rac8 23. Qe5 Rxd3 24. Rxd3 Qxe5 25. Nxe5 f6 26. Nf3 Rc7 27. Kf1 Kf7 28. Rd8 Ke7 29. Rg8 Kf7 30. Rb8 Rd7 31. Ke2 Bd6 32. Ra8 Bc5 33. Ne1 b5 34. Nd3 Bb6 35. Rb8 e5 36. Nb4 f5 37. f3 e4 38. fxe4 fxe4 39. Nc2 e3 40. Nd4 Bxd4 41. cxd4 Rxd4 42. Kxe3 Ra4 43. a3 Ra5 44. Kd4 a6 45. Kc3 Ra4 46. Rb6 Rc4+ 47. Kd3 Ra4 48. g3 h5 49. h4 Rg4 50. Rxa6 Rxg3+ 51. Kd4 Rg4+ 52. Kc5 Rxh4 53. Kxb5 g5 54. b4 g4 55. Ra7+ Kf6 56. Ra8 g3 57. Rf8+ Ke5 58. Rg8 Rg4 59. Re8+ Kd6 60. Re1 g2 61. Rg1 h4 62. a4 h3 63. a5 h2 64. Rd1+ Kc7 65. a6 g1=Q 0-1


[Site "https://www.chess.com"]

[Event "Titled Tuesday Blitz January 11 2022"]
[White "Borsuk, Konstantin"]
[Black "Bryakin, Mikhail"]
[WhiteFideId "14113406"]
[BlackFideId "4165314"]
[WhiteElo "2406"]
[BlackElo "2421"]
[Result "0-1"]
[Round "05"]
[TimeControl "180+1"]
[Date "2022.01.11"]
[WhiteClock "0:00:08"]
[BlackClock "0:00:17"]

1. d4 Nf6 2. c4 g6 3. Nc3 d5 4. Bf4 c6 5. e3 Bg7 6. Nf3 O-O 7. Rc1 a6 8. cxd5 Nxd5 9. Nxd5 Qxd5 10. Bc4 Qa5+ 11. Qd2 Qxd2+ 12. Kxd2 Nd7 13. h3 Re8 14. Rhd1 e5 15. dxe5 Nxe5 16. Nxe5 Bxe5 17. Bxe5 Rxe5 18. Kc3 Kf8 19. Rd8+ Re8 20. Rcd1 Ke7 21. R8d4 c5 22. Rf4 Be6 23. Bxe6 fxe6 24. Rh4 h5 25. g4 Rh8 26. gxh5 Rxh5 27. Rxh5 gxh5 28. Rg1 Kf6 29. h4 b6 30. Rg5 Rh8 31. f4 Ke7 32. Kd3 Kd6 33. Ke4 b5 34. Rg6 Rf8 35. Rh6 Rf5 36. Rh8 a5 37. Ra8 a4 38. Ra6+ Ke7 39. Ra7+ Kd6 40. Ra6+ Ke7 41. Ra7+ Kf6 42. Rd7 c4 43. Kd4 a3 44. bxa3 Rd5+ 45. Rxd5 exd5 46. Kc3 Kf5 47. Kd4 Ke6 48. Kc3 Kf6 49. Kd4 Kf5 50. Kc3 Ke4 51. Kd2 d4 52. exd4 Kxd4 53. a4 bxa4 54. f5 Ke5 55. Kc3 Kxf5 56. Kb4 Kg4 57. Kxa4 Kxh4 58. Kb4 Kg3 59. a4 h4 60. a5 h3 61. a6 h2 62. a7 h1=Q 0-1


[Site "https://www.chess.com"]

[Event "Titled Tuesday Blitz January 11 2022"]
[White "Boyer, Mahel"]
[Black "Piorun, Kacper"]
[WhiteFideId "45102422"]
[BlackFideId "1130420"]
[WhiteElo "2328"]
[BlackElo "2571"]
[Result "0-1"]
[Round "05"]
[TimeControl "180+1"]
[Date "2022.01.11"]
[WhiteClock "0:00:33"]
[BlackClock "0:01:48"]

1. d4 e6 2. c4 Nf6 3. Nf3 b6 4. a3 Ba6 5. Qc2 c5 6. d5 exd5 7. cxd5 g6 8. Nc3 Bg7 9. e4 Bxf1 10. Kxf1 d6 11. g3 O-O 12. Kg2 Re8 13. Re1 a6 14. a4 Nbd7 15. Bf4 Qc7 16. Nd2 c4 17. Ne2 Rac8 18. Nd4 Nxd5 19. exd5 Rxe1 20. Rxe1 Bxd4 21. Re4 Qc5 22. Be3 Bxe3 23. Rxc4 Qxd5+ 24. Qe4 Qxe4+ 25. Nxe4 Rxc4 0-1


[Site "https://www.chess.com"]

[Event "Titled Tuesday Blitz January 11 2022"]
[White "Csonka, Balazs"]
[Black "Bluebaum, Matthias"]
[WhiteFideId "742910"]
[BlackFideId "24651516"]
[WhiteElo "2404"]
[BlackElo "2550"]
[Result "1/2-1/2"]
[Round "05"]
[TimeControl "180+1"]
[Date "2022.01.11"]
[WhiteClock "0:00:05"]
[BlackClock "0:00:25"]

1. d4 Nf6 2. Nf3 d5 3. c4 e6 4. Nc3 Bb4 5. Bg5 h6 6. Bxf6 Qxf6 7. e3 O-O 8. Rc1 Nc6 9. a3 Bxc3+ 10. Rxc3 dxc4 11. Bxc4 e5 12. dxe5 Nxe5 13. Nxe5 Qxe5 14. O-O Bf5 15. Qb3 b6 16. Bd3 Be6 17. Bc4 Bf5 18. Bd3 Bd7 19. Qc2 c5 20. b4 cxb4 21. axb4 Rfd8 22. Rc1 g5 23. Ba6 Bf5 24. Qe2 Rd6 25. Bc8 Bxc8 26. Rxc8+ Rxc8 27. Rxc8+ Kg7 28. Rc1 a5 29. bxa5 bxa5 30. g3 a4 31. Qa2 Ra6 32. Qa3 Qd6 33. Qa1+ Qf6 34. Qa3 Rc6 35. Rxc6 Qxc6 36. Qa1+ Kg8 37. Qa3 Qb5 38. Qd6 Qa5 39. Qxh6 a3 40. Qf6 a2 41. Qa1 Qa3 42. Kg2 Qb3 43. Qe5 g4 44. Qg5+ Kf8 45. Qd8+ Kg7 46. Qg5+ Kh7 47. Qh5+ Kg8 48. Qg5+ Kh8 49. Qh5+ Kg7 50. Qg5+ Kf8 51. Qd8+ Kg7 52. Qg5+ 1/2-1/2


[Site "https://www.chess.com"]

[Event "Titled Tuesday Blitz January 11 2022"]
[White "Dastan, Muhammed Batuhan"]
[Black "Gurevich, Dmitry"]
[WhiteFideId "6300014"]
[BlackFideId "2000407"]
[WhiteElo "2410"]
[BlackElo "2506"]
[Result "1-0"]
[Round "05"]
[TimeControl "180+1"]
[Date "2022.01.11"]
[WhiteClock "0:00:16"]
[BlackClock "0:00:01"]

1. e4 c5 2. Nf3 d6 3. d4 cxd4 4. Nxd4 Nf6 5. Nc3 Nc6 6. Bc4 e6 7. Be3 a6 8. Bb3 Be7 9. Qe2 Qc7 10. O-O-O Na5 11. g4 b5 12. g5 Nxb3+ 13. axb3 Nd7 14. h4 b4 15. Na4 Nc5 16. h5 Bd7 17. g6 Nxb3+ 18. Nxb3 Bxa4 19. gxf7+ Kxf7 20. Kb1 Bf6 21. Bf4 Bxb3 22. cxb3 Rhd8 23. h6 g6 24. Rh3 Kg8 25. Rhd3 Be5 26. Bxe5 dxe5 27. Rxd8+ Rxd8 28. Rxd8+ Qxd8 29. Qxa6 Kf7 30. Qb7+ Qe7 31. Qb8 g5 32. Qxe5 Kg6 33. f4 gxf4 34. Qxf4 Qg5 35. Qd6 Qg1+ 36. Ka2 Qa7+ 37. Kb1 Qg1+ 38. Kc2 Qf2+ 39. Kd3 Qf3+ 40. Kd4 Qf6+ 41. Qe5 Qf2+ 42. Kc4 Kxh6 43. Qxe6+ Kg7 44. Qg4+ Kf7 45. Kxb4 Qd4+ 46. Kb5 Qe5+ 47. Kc4 Qxb2 48. Qf5+ 1-0


[Site "https://www.chess.com"]

[Event "Titled Tuesday Blitz January 11 2022"]
[White "Demchenko, Anton"]
[Black "Ozer, Omer Faruk"]
[WhiteFideId "4160258"]
[BlackFideId "6354564"]
[WhiteElo "2539"]
[BlackElo "2050"]
[Result "1-0"]
[Round "05"]
[TimeControl "180+1"]
[Date "2022.01.11"]
[WhiteClock "0:00:04"]
[BlackClock "0:00:09"]

1. e4 e5 2. Nf3 Nc6 3. Bc4 Nf6 4. d3 h6 5. Nc3 d6 6. a4 g6 7. h3 Bg7 8. Be3 Be6 9. Bxe6 fxe6 10. Ne2 Nh5 11. c3 O-O 12. Qb3 Qd7 13. d4 Kh7 14. dxe5 Nxe5 15. Nxe5 Bxe5 16. O-O g5 17. Nd4 Bxd4 18. cxd4 c6 19. Rac1 d5 20. Qc2 Kg7 21. b4 a6 22. Rfe1 Qf7 23. Qb2 Nf6 24. exd5 exd5 25. b5 axb5 26. axb5 Rac8 27. bxc6 bxc6 28. f3 Rfe8 29. Bf2 Rxe1+ 30. Rxe1 Nh5 31. Qa3 Re8 32. Rc1 Re6 33. Be3 Ng3 34. Kh2 Nf5 35. Bf2 Qc7+ 36. Kg1 Qf4 37. Qc3 Kg6 38. Ra1 h5 39. Ra6 Ng3 40. Qc2+ Kh6 41. Rxc6 Ne2+ 42. Kf1 Ng3+ 43. Bxg3 Qe3 44. Rxe6+ Qxe6 45. Be5 Qa6+ 46. Qe2 Qa1+ 47. Kf2 Qc3 48. Qe3 Qc2+ 49. Kg1 Qd1+ 50. Kh2 h4 51. Qf2 Kh5 52. Qa2 Qe1 53. Qxd5 Kg6 54. Qe4+ Kh5 55. Qxe1 g4 56. fxg4+ Kg6 57. Qxh4 Kf7 58. Qg5 Ke6 59. Qf5+ Kd5 60. Bg3+ Kc4 61. d5 Kd4 62. d6 1-0


[Site "https://www.chess.com"]

[Event "Titled Tuesday Blitz January 11 2022"]
[White "Ezat, Mohamed"]
[Black "Plotkin, Mark"]
[WhiteFideId "10600906"]
[BlackFideId "2611651"]
[WhiteElo "2386"]
[BlackElo "2178"]
[Result "1-0"]
[Round "05"]
[TimeControl "180+1"]
[Date "2022.01.11"]
[WhiteClock "0:00:33"]
[BlackClock "0:00:12"]

1. d4 Nf6 2. c4 e6 3. Nc3 d5 4. cxd5 exd5 5. Bg5 Be6 6. e3 Nbd7 7. Bd3 Bd6 8. Nge2 c6 9. Nf4 h6 10. Nxe6 fxe6 11. Bg6+ Ke7 12. Bh4 Qc7 13. a3 e5 14. Rc1 Qb6 15. O-O Raf8 16. b4 Kd8 17. Na4 Qc7 18. Nc5 Bxc5 19. bxc5 Kc8 20. Qa4 Kb8 21. Rb1 Ka8 22. Rb2 Rb8 23. Rfb1 b5 24. cxb6 Nxb6 25. Qa6 Nc4 26. Rb4 Rxb4 27. Rxb4 Rb8 28. Bg3 Nd7 29. h3 Rxb4 30. axb4 Qb7 31. Qa4 exd4 32. exd4 Qb5 33. Qb3 a5 34. Be8 Ndb6 35. Qf3 Qxb4 36. Qf7 Qb5 37. Qc7 1-0


[Site "https://www.chess.com"]

[Event "Titled Tuesday Blitz January 11 2022"]
[White "FrancescoDeLaCruz"]
[Black "Triapishko, Alexandr"]
[BlackFideId "14122286"]
[WhiteElo "2664"]
[BlackElo "2479"]
[Result "0-1"]
[Round "05"]
[TimeControl "180+1"]
[Date "2022.01.11"]
[WhiteClock "0:00:02"]
[BlackClock "0:00:17"]

1. d4 d5 2. c4 e6 3. Nc3 c6 4. cxd5 exd5 5. Nf3 Bd6 6. Bg5 Ne7 7. e3 Bf5 8. Bd3 Bxd3 9. Qxd3 O-O 10. O-O Nd7 11. Rab1 a5 12. a3 h6 13. Bh4 Re8 14. Rfc1 Qb6 15. Na4 Qa6 16. Qc2 Ng6 17. Bg3 Bf8 18. Nc3 a4 19. Ne1 Nb6 20. Nd3 Nc4 21. Ne2 Na5 22. Rd1 Nb3 23. Nec1 Qc4 24. Qxc4 dxc4 25. Nxb3 axb3 26. Nc5 b5 27. Nd7 Ra7 28. Nxf8 Nxf8 29. d5 c5 30. d6 f6 31. Rd5 Nd7 32. e4 Rxe4 33. f3 Rd4 34. Rd1 Rxd5 35. Rxd5 Kf7 36. Bf2 c3 37. bxc3 b2 38. Rd1 Rxa3 39. Rb1 Ra1 0-1


[Site "https://www.chess.com"]

[Event "Titled Tuesday Blitz January 11 2022"]
[White "Gelman, Alexander"]
[Black "Paravyan, David"]
[WhiteFideId "4118316"]
[BlackFideId "4194985"]
[WhiteElo "2375"]
[BlackElo "2569"]
[Result "0-1"]
[Round "05"]
[TimeControl "180+1"]
[Date "2022.01.11"]
[WhiteClock "0:00:04"]
[BlackClock "0:00:05"]

1. d4 Nf6 2. Nc3 d5 3. Bf4 Bd7 4. e3 c5 5. Nf3 e6 6. Ne5 Nc6 7. Qd2 cxd4 8. exd4 Bb4 9. f3 O-O 10. a3 Ba5 11. Bg5 Kh8 12. Ng4 e5 13. Nxe5 Nxe5 14. dxe5 Qe8 15. Qd4 Bb6 16. Qf4 Nh5 17. Qh4 f6 18. Bd2 g5 19. Qb4 Qxe5+ 20. Be2 Rac8 21. O-O-O Bc5 22. Qxb7 Bc6 23. Qa6 Nf4 24. Rhe1 Nxg2 25. Bb5 Nxe1 26. Bxc6 Nxf3 27. Bxd5 Nxd2 28. Rxd2 Be3 0-1


[Site "https://www.chess.com"]

[Event "Titled Tuesday Blitz January 11 2022"]
[White "Goncalves, Ivan Mesquita V"]
[Black "Lenderman, Aleksandr"]
[WhiteFideId "2114224"]
[BlackFideId "2021285"]
[WhiteElo "2299"]
[BlackElo "2651"]
[Result "0-1"]
[Round "05"]
[TimeControl "180+1"]
[Date "2022.01.11"]
[WhiteClock "0:01:36"]
[BlackClock "0:01:39"]

1. Nf3 Nf6 2. c4 e6 3. g3 d5 4. Bg2 d4 5. O-O c5 6. e3 Nc6 7. exd4 cxd4 8. d3 Bd6 9. Bg5 O-O 10. Nbd2 h6 11. Bxf6 Qxf6 12. Ne4 Qd8 13. Nxd6 Qxd6 14. a3 a5 15. Re1 e5 16. Qc2 Bf5 17. Nd2 Rfe8 18. Ne4 Qc7 19. Rab1 a4 20. b4 axb3 21. Rxb3 Ra7 22. Reb1 Rea8 23. Qb2 Nd8 24. Re1 Bd7 25. c5 Ba4 26. Rb6 Bc6 27. Rb3 Ne6 28. Rc1 Qd7 29. Nd6 Bxg2 30. Kxg2 Nxc5 31. Rxc5 Qxd6 32. Rcb5 Rxa3 33. Rxb7 Qd5+ 34. Kh3 Ra2 35. Rb8+ Kh7 0-1


[Site "https://www.chess.com"]

[Event "Titled Tuesday Blitz January 11 2022"]
[White "Guseinov, Gadir"]
[Black "Jobava, Baadur"]
[WhiteFideId "13401378"]
[BlackFideId "13601520"]
[WhiteElo "2581"]
[BlackElo "2617"]
[Result "1-0"]
[Round "05"]
[TimeControl "180+1"]
[Date "2022.01.11"]
[WhiteClock "0:00:14"]
[BlackClock "0:00:14"]

1. e4 c6 2. d4 d5 3. Nd2 dxe4 4. Nxe4 Bf5 5. Ng3 Bg6 6. h4 h6 7. Nf3 Nd7 8. h5 Bh7 9. Bd3 Bxd3 10. Qxd3 e6 11. Bd2 Ngf6 12. O-O-O Qc7 13. Ne4 Nxe4 14. Qxe4 O-O-O 15. g3 Bd6 16. c4 c5 17. Bc3 Nf6 18. Qe2 a6 19. Kb1 Rhe8 20. dxc5 Qxc5 21. Ne5 Bxe5 22. Bxe5 Ng4 23. Bxg7 Nxf2 24. Rxd8+ Rxd8 25. Rf1 Qf5+ 26. Qc2 Qg4 27. Bxh6 Qxh5 28. Qxf2 Qg6+ 29. Ka1 Qxh6 30. Qxf7 Qe3 31. a3 Qe2 32. Qf4 e5 33. Qc1 e4 34. Re1 Qd3 35. Qf4 Qxc4 36. Rc1 1-0


[Site "https://www.chess.com"]

[Event "Titled Tuesday Blitz January 11 2022"]
[White "Dronavalli, Harika"]
[Black "Rodrigue-Lemieux, Shawn"]
[WhiteFideId "5015197"]
[BlackFideId "2620049"]
[WhiteElo "2382"]
[BlackElo "1763"]
[Result "0-1"]
[Round "05"]
[TimeControl "180+1"]
[Date "2022.01.11"]
[WhiteClock "0:00:25"]
[BlackClock "0:00:08"]

1. e4 c6 2. Nf3 d5 3. exd5 cxd5 4. Ne5 Nc6 5. Bb5 Bd7 6. Nxd7 Qxd7 7. d4 e6 8. O-O Nf6 9. c3 Bd6 10. Nd2 O-O 11. Nf3 Qc7 12. h3 a6 13. Bd3 b5 14. a3 Rab8 15. Re1 Bf4 16. Bxf4 Qxf4 17. Qc2 Rfc8 18. Rad1 a5 19. Qe2 b4 20. axb4 axb4 21. c4 dxc4 22. Bxc4 Ne7 23. Qe5 Qxe5 24. Nxe5 Ned5 25. Rc1 g5 26. g3 Kg7 27. Kg2 Rc7 28. Bxd5 Rxc1 29. Rxc1 Nxd5 30. Ra1 Rb7 31. Ra5 Rc7 32. Rc5 Ra7 33. Rb5 f6 34. Nd3 Ra2 35. Rb7+ Kg6 36. Rb8 h5 37. Rg8+ Kf7 38. Rb8 Kg7 39. Rb7+ Kg6 40. Rb8 g4 41. hxg4 hxg4 42. Rb5 Kg7 43. Rb7+ Kg6 44. Rb5 Ra4 45. Kf1 b3 46. Rxb3 Rxd4 47. Kg2 Rc4 48. Rb5 Rc2 49. Kf1 Rd2 50. Nc5 Kf5 51. Rb3 Rd1+ 52. Ke2 Rb1 53. Nd3 e5 54. Nb4 Nc7 55. Nc2 Ne6 56. Ne3+ Ke4 57. Nc2 Rc1 58. Rb4+ Nd4+ 59. Nxd4 exd4 60. Rb6 Rc2+ 61. Ke1 Kd3 62. Rb3+ Ke4 63. Rb6 f5 64. Rb5 Kd3 65. Rb3+ Ke4 66. Rb5 d3 67. Rb4+ Ke5 68. Rb5+ Ke4 69. Rb4+ Kf3 70. Rf4+ Kg2 71. b4 Re2+ 72. Kd1 Rxf2 73. Rxf2+ Kxf2 74. b5 f4 75. b6 fxg3 76. b7 g2 77. b8=Q g1=Q+ 78. Kd2 Qg3 79. Qb6+ Kg2 80. Qc6+ Qf3 81. Qd6 Qe2+ 82. Kc3 d2 83. Qd5+ Qf3+ 84. Qxf3+ gxf3 85. Kxd2 f2 86. Ke3 f1=Q 87. Ke4 Qf3+ 88. Ke5 Kg3 89. Ke6 Qf4 90. Kd5 Kf3 91. Kc5 Qe4 92. Kb5 Ke3 93. Kb6 Qd5 94. Kc7 Qe6 0-1


[Site "https://www.chess.com"]

[Event "Titled Tuesday Blitz January 11 2022"]
[White "Hess, Robert"]
[Black "Liyanage, Ranindu Dilshan"]
[WhiteFideId "2022036"]
[BlackFideId "9915834"]
[WhiteElo "2557"]
[BlackElo "1858"]
[Result "1-0"]
[Round "05"]
[TimeControl "180+1"]
[Date "2022.01.11"]
[WhiteClock "0:00:03"]
[BlackClock "0:00:08"]

1. b3 Nf6 2. Bb2 g6 3. e3 Bg7 4. Ne2 b6 5. d3 Bb7 6. Nd2 O-O 7. h3 c5 8. a3 Qc7 9. Nc3 d5 10. d4 Nc6 11. Nf3 Rad8 12. Be2 Ne4 13. O-O cxd4 14. Nb5 Qc8 15. Nbxd4 Nxd4 16. exd4 Nc3 17. Bxc3 Qxc3 18. Re1 Rc8 19. Ra2 Rc7 20. Bf1 Bh6 21. Bd3 Bc8 22. Qe2 Bg7 23. Qe3 Be6 24. Qf4 Rfc8 25. Re3 Qa5 26. Ng5 Bh6 27. Qh4 Bxg5 28. Qxg5 Qd2 29. h4 Rc3 30. h5 Qd1+ 31. Kh2 Qxh5+ 32. Qxh5 gxh5 33. Ra1 R8c7 34. Rae1 Kf8 35. Kg3 Bg4 36. f3 Be6 37. Kh4 a5 38. a4 Kg7 39. R1e2 R3c6 40. Re5 Rc3 41. Rg5+ Kf8 42. Rxh5 Ke8 43. Rxh7 Kd7 44. Rh5 f6 45. Bb5+ Kd6 46. Bd3 Bf7 47. Rh7 Be6 48. Rd2 Rc8 49. Kg3 R3c7 50. Kf2 Rg8 51. Rh1 Bf7 52. Re1 e5 53. dxe5+ fxe5 54. c4 d4 55. f4 exf4 56. Re4 Kc5 57. Re5+ Kb4 58. Rb5+ Ka3 59. Rxb6 Be8 60. Be4 Bd7 61. Rxd4 Re8 62. Bf3 Bf5 63. Rxf4 Bc2 64. Rff6 Rd7 65. Bd5 Rde7 66. Rbe6 Rxe6 67. Rxe6 Rf8+ 68. Kg3 Bxb3 69. Re3 Kb2 70. Rf3 Rd8 71. Kf4 Bxa4 72. Ke5 Re8+ 73. Kd6 Bd1 74. Rf2+ Bc2 75. c5 Rd8+ 76. Ke5 Re8+ 77. Kd4 Rc8 78. c6 a4 79. Be4 a3 80. Rxc2+ Kb3 81. Rf2 a2 82. Bd5+ Kb4 83. Rxa2 1-0


[Site "https://www.chess.com"]

[Event "Titled Tuesday Blitz January 11 2022"]
[White "Izoria, Zviad"]
[Black "Kevlishvili, Robby"]
[WhiteFideId "13601733"]
[BlackFideId "1040634"]
[WhiteElo "2626"]
[BlackElo "2584"]
[Result "0-1"]
[Round "05"]
[TimeControl "180+1"]
[Date "2022.01.11"]
[WhiteClock "0:00:09"]
[BlackClock "0:00:03"]

1. Nf3 d5 2. e3 Nf6 3. c4 e6 4. Nc3 b6 5. d4 Bb7 6. cxd5 exd5 7. Bb5+ c6 8. Bd3 Be7 9. O-O O-O 10. Ne5 c5 11. Qf3 Nc6 12. Qh3 Nxe5 13. dxe5 Ne4 14. Rd1 Qc8 15. Qxc8 Rfxc8 16. Nxe4 dxe4 17. Bc4 Rd8 18. Bd2 Bc6 19. a4 Kf8 20. b3 Rd7 21. Bc3 Rxd1+ 22. Rxd1 a6 23. Be2 b5 24. f4 exf3 25. Bxf3 Rc8 26. Bxc6 Rxc6 27. axb5 axb5 28. Rd7 b4 29. Be1 h5 30. Rb7 Ke8 31. Kf1 Re6 32. Bg3 h4 33. Bf2 Rxe5 34. Ke2 f5 35. Kd3 g5 36. h3 Kf7 37. g3 hxg3 38. Bxg3 Re4 39. Bd6 Kf6 40. Bxe7+ Rxe7 41. Rb6+ Re6 42. Rb5 Re5 43. Rb6+ Kg7 44. Rc6 Kf7 45. Rh6 g4 46. Rh5 Kf6 47. h4 g3 48. Rg5 f4 49. Rg4 Rxe3+ 50. Kc4 Rc3+ 51. Kb5 Kf5 52. Rg8 f3 53. Rxg3 f2 54. Rg8 Rf3 55. Rf8+ Ke4 56. Re8+ Kd3 57. Rd8+ Kc2 0-1


[Site "https://www.chess.com"]

[Event "Titled Tuesday Blitz January 11 2022"]
[White "Kamsky, Gata"]
[Black "Chigaev, Maksim"]
[WhiteFideId "2000024"]
[BlackFideId "4108116"]
[WhiteElo "2645"]
[BlackElo "2502"]
[Result "1-0"]
[Round "05"]
[TimeControl "180+1"]
[Date "2022.01.11"]
[WhiteClock "0:00:31"]
[BlackClock "0:00:16"]

1. e4 e6 2. d4 d5 3. exd5 exd5 4. Nf3 Bd6 5. Bd3 Ne7 6. O-O O-O 7. h3 Nbc6 8. c4 dxc4 9. Bxc4 Nf5 10. Bg5 Be7 11. Bxe7 Ncxe7 12. Nc3 Nd6 13. Bb3 Ng6 14. Ne5 Qg5 15. Nxg6 hxg6 16. Qf3 Bf5 17. Rad1 Rfe8 18. Rfe1 Rxe1+ 19. Rxe1 Rd8 20. g4 Bd7 21. Ne4 Qe7 22. Re3 Nxe4 23. Rxe4 Qf8 24. Rf4 Be8 25. Qxb7 Qd6 26. Qf3 Rd7 27. h4 Re7 28. Bd5 a5 29. Kg2 a4 30. a3 Rd7 31. Bc6 f6 32. Bxd7 Bxd7 33. d5 c6 34. Rxa4 cxd5 35. Rd4 Be6 36. Qe3 Qd7 37. f3 Qc6 38. Rd2 Bf7 39. Qd4 Qa4 1-0


[Site "https://www.chess.com"]